 Dungeon Crawl Stone Soup version 0.26.1-2-gb8aa6d0cf2 (webtiles) character file.

Game seed: 3265280558421273767

70 nightchill the Stinger (level 4, 25/25 HPs)
             Began as a Gargoyle Venom Mage on Mar 3, 2021.
             Got out of the dungeon alive.
             The game lasted 00:04:39 (1731 turns).

nightchill the Stinger (Gargoyle Venom Mage)        Turns: 1731, Time: 00:04:40

Health: 25/25      AC:  6    Str: 13    XL:     4   Next: 22%
Magic:  7/7        EV: 12    Int: 15    God:
Gold:   39         SH:  0    Dex: 10    Spells: 2/7 levels left

rFire    . . .     SeeInvis .   c - +0 club
rCold    . . .     Faith    .   (no shield)
rNeg     + . .     Spirit   .   a - +0 robe
rPois    ∞         Reflect  .   (no helmet)
rElec    +         Harm     .   (no cloak)
rCorr    .         Rampage  .   j - +0 pair of gloves
Will     .....                  (no boots)
Stlth    ++........             (no amulet)
HPRegen  0.08/turn              (no ring)
MPRegen  0.10/turn              (no ring)

@: no status effects
A: negative energy resistance 1, electricity resistance, unbreathing,
petrification resistance, miasma immunity, AC +3
a: no special abilities


You escaped.
You visited 1 branch of the dungeon, and saw 2 of its levels.

You collected 39 gold pieces.

Inventory:

Hand Weapons
 c - a +0 club (weapon)
Missiles
 g - 4 curare-tipped darts
Armour
 a - a +0 robe (worn)
 f - a +0 kite shield
 j - a +0 pair of gloves (worn)
Scrolls
 b - 2 scrolls of identify {unknown}
 h - 2 scrolls of teleportation {unknown}
 i - 2 scrolls of remove curse {unknown}
Potions
 d - 3 potions of lignification {unknown}
 e - a potion of curing {unknown}
 k - a potion of invisibility {unknown}


   Skills:
 + Level 1.4 Fighting
 * Level 1.9 Maces & Flails
 - Level 1.5 Dodging
 - Level 2.1 Stealth
 - Level 2.4 Spellcasting
 - Level 0.7 Transmutations
 + Level 3.7 Poison Magic


You had 2 spell levels left.
You knew the following spells:

 Your Spells              Type           Power        Failure   Level
a - Sting                 Tmut/Pois      32%          9%          1
b - Olgreb's Toxic Radia  Pois           13%          41%         4

Your spell library contained the following spells:

 Spells                   Type           Power        Failure   Level
 Poisonous Vapours        Pois/Air       14%          16%         2
 Ignite Poison            Fire/Tmut/Pois 6%           34%         3
 Mephitic Cloud           Conj/Pois/Air  5%           36%         3


Dungeon Overview and Level Annotations

Branches:
Dungeon (2/15)

Altars:
Ru


Innate Abilities, Weirdness & Mutations

You are resistant to torment.
Your stone body is resilient. (AC +3)
You are immune to poison.
You resist negative energy. (rN+)
You are resistant to electric shocks. (rElec)
You can survive without breathing.
You are immune to petrification.
You are immune to miasma.


Message History

Saving game... please wait.
Welcome back, nightchill the Gargoyle Venom Mage.
Press ? for a list of commands and other information.
Okay, then.
(D) Dungeon
Where to? (? - help)
What level of the Dungeon? (default 1, ? - help)
You climb upwards.
There is a stone staircase leading down here.
You climb downwards.
There is a stone staircase leading up here.
You climb upwards.
There is a stone staircase leading down here.
(D) Dungeon
Where to? (Enter - D:1, ? - help)
Okay, then.
You see here a +0 dagger.
There is a staircase leading out of the dungeon here.
Are you sure you want to leave the Dungeon?
This will make you lose the game!
You have escaped!

#....#####..............##.# #.
#.......................##.## #.
###.................##......####.
#.............####...............
......................)..........
.#.............##########........
##..........)..#........#........
##.....^....##.#.##.....#....(...
###.........#..#@.#.....#........
###.........#..##.#.##..#.......#
#..........#.....#.>#..#...##...
#..........#.....##.#)##.#.##...
#..........#........#......##...
#..........##########..#...#....
##..................[.....#....#.
..#..)......####.......###...#...
#.#.......#.......####...........


There were no monsters in sight!

Vanquished Creatures
  An orc wizard (D:2)
  A leopard gecko (D:1)
  6 bats
  A giant cockroach (D:1)
  7 goblins
  4 hobgoblins (D:1)
  2 jackals (D:2)
  4 frilled lizards
  4 kobolds
  6 rats
36 creatures vanquished.

Notes
Turn   | Place    | Note
-------+----------+-------------------------------------------
     0 | D:1      | nightchill the Gargoyle Venom Mage began the quest for the
                  | Orb.
     0 | D:1      | Reached XP level 1. HP: 10/10 MP: 3/3
   160 | D:1      | Reached XP level 2. HP: 16/16 MP: 5/5
   514 | D:1      | Reached skill level 1 in Maces & Flails
   644 | D:1      | Reached XP level 3. HP: 20/20 MP: 1/6
   968 | D:2      | Reached skill level 1 in Fighting
  1274 | D:2      | Found a sacrificial altar of Ru.
  1305 | D:2      | Reached XP level 4. HP: 8/25 MP: 2/7
  1576 | D:2      | Learned a level 4 spell: Olgreb's Toxic Radiance
  1731 | D:$      | Got out of the dungeon alive.

Illustrated notes

Levels and vault maps discovered:
D:1:      ebering_trefoil_twist, layout_rooms
D:2:      layout_rooms, nicolae_ru_great_annihilating_truth, uniq_sigmund

Skill      XL: |  1  2  3 |
---------------+----------+-----
Maces & Flails | 1 |  1.9
Fighting       | 1 |  1.4
Dodging        | |  1.5
Stealth        | |  2.1
Spellcasting   | |  2.4
Transmutations | |  0.7
Poison Magic   | |  3.7

Action                   |  1- 3 |  4- 6 || total
-------------------------+-------+-------++-------
Melee: Club              |    71 |    25 ||    96
       Unarmed           |     1 |       ||     1
 Cast: Sting             |    34 |     9 ||    43
Armor: Robe              |    43 |    20 ||    63
Dodge: Dodged            |    82 |    37 ||   119
